 Dungeon Crawl Stone Soup version 0.31-a0-1278-g11c5b68f87 (webtiles) character file.

Game seed: 556227750178232029

98 grandjackal the Ducker (level 4, -2/31 HPs)
             Began as a Demonspawn Gladiator on Dec 17, 2023.
             Slain by a gnoll
             ... wielding a +0 flail of holy wrath
              (3 damage)
             ... on level 3 of the Dungeon.
             The game lasted 00:02:18 (2306 turns).

grandjackal the Ducker (Demonspawn Gladiator)       Turns: 2306, Time: 00:02:19

Health: -2/31      AC:  4    Str: 17    XL:     4   Next: 44%
Magic:  4/4        EV: 12    Int:  8    God:
Gold:   307        SH:  0    Dex: 14    Spells: 3/3 levels left

rFire   . . .        a - +0 long sword
rCold   . . .        (no shield)
rNeg    . . .        b - +0 leather armour
rPois   .            c - +0 helmet
rElec   .            (no cloak)
rCorr   .            (no gloves)
SInv    +            (no boots)
Will    .....        (no amulet)
Stlth   +            (no ring)
HPRegen 0.25/turn    (no ring)
MPRegen 0.09/turn

%: no passive effects
@: no status effects
A: claws 1, see invisible, frail 1
a: no special abilities


You were on level 3 of the Dungeon.
You visited 1 branch of the dungeon, and saw 4 of its levels.

You collected 307 gold pieces.

Inventory:

Hand Weapons
 a - a +0 long sword (weapon)
 l - a +1 dagger of protection
Missiles
 d - 3 throwing nets (quivered)
 e - a javelin
Armour
 b - a +0 leather armour (worn)
 c - a +0 helmet (worn)
Scrolls
 f - 3 scrolls of brand weapon {unknown}
 g - a scroll of enchant weapon {unknown}
 h - 2 scrolls of fog {unknown}
 i - a scroll of amnesia {unknown}
 j - 2 scrolls of identify {unknown}
 k - a scroll of revelation {unknown}
 m - a scroll of noise {unknown}
 o - a scroll of summoning {unknown}
Potions
 n - 2 potions of curing
 p - a potion of mutation


   Skills:
 + Level 3.2 Fighting
 - Level 2.8 Long Blades
 - Level 2.0 Throwing
 + Level 3.4 Dodging
 + Level 1.6 Unarmed Combat


You had 3 spell levels left.
You didn't know any spells.
Your spell library contained the following spells:

 Spells                   Type           Power      Damage    Failure   Level
 Slow                     Hex            0%         N/A       47%         1
 Confusing Touch          Hex            0%         N/A       85%         3
 Sigil of Binding         Hex            0%         N/A       85%         3
 Vampiric Draining        Necr           0%         2d6       85%         3


Dungeon Overview and Level Annotations

Branches:
Dungeon (4/15)
 Temple: D:4-7

Altars:


Innate Abilities, Weirdness & Mutations

You have sharp fingernails.
You have supernaturally acute eyesight. (SInv)
You are frail. (-10% HP)


Message History

You kill the rat!
No target in view!
You see here a rat corpse.
Done exploring.
Done exploring.
There is a stone staircase leading down here.
You climb downwards.
There is a stone staircase leading up here.
There are monsters nearby!
A gnoll and an iguana come into view.
The gnoll is wielding a +0 flail of holy wrath.
The gnoll shouts! x2; The iguana hisses angrily.
There is a stone staircase leading up here.
The gnoll shouts! x2
The gnoll barely misses you. The gnoll barely misses you.
The gnoll hits you from afar with a +0 spear.
The gnoll barely misses you.
You climb upwards.
There is a stone staircase leading down here.
You slash the gnoll!
The gnoll is severely wounded.
The gnoll hits you with a +0 flail of holy wrath!
You convulse.
The gnoll closely misses you.
You hit the gnoll.
The gnoll is almost dead.
The gnoll hits you with a +0 flail of holy wrath.
You convulse.
You closely miss the gnoll.
The gnoll is almost dead.
The gnoll hits you with a +0 flail of holy wrath!
* * * LOW HITPOINT WARNING * * *
You convulse.
* * * LOW HITPOINT WARNING * * *
You barely miss the gnoll.
The gnoll is almost dead.
The gnoll hits you with a +0 flail of holy wrath.
* * * LOW HITPOINT WARNING * * *
You convulse.
You die...

#####.##.....# #.#
.............# #.#
########.....# #.# #
###...## #.# # #....## #.#
##########.....##########.#
........##...#.....)......#
.................##########
........###..#.g@#
........# #..#.#.#
........# #..#.#.#
........###..#.#.#
..........#..#.#.#
..........#..#.#.#
..........#..#.#.#
..........#..#.#.#
.............#.#.#


You could see a gnoll.

Vanquished Creatures
  4 adders
  3 dart slugs
  An orc (D:3)
  5 ball pythons
  3 endoplasms
  2 giant cockroaches
  6 goblins
  2 hobgoblins
  4 jackals (D:1)
  5 kobolds
  2 quokkas
  6 bats
  5 frilled lizards
  8 rats
56 creatures vanquished.

Notes
Turn   | Place    | Note
-------+----------+-------------------------------------------
     0 | D:1      | grandjackal the Demonspawn Gladiator began the quest for
                  | the Orb.
     0 | D:1      | Reached XP level 1. HP: 16/16 MP: 1/1
    36 | D:1      | You fall into a shaft and drop 1 floor!
    40 | D:2      | Found Xecuetirr's Jewellery Boutique.
    96 | D:2      | Gained mutation: You have sharp fingernails. [demonic
                  | ancestry]
    96 | D:2      | Reached XP level 2. HP: 13/22 MP: 2/2
   666 | D:1      | Reached XP level 3. HP: 10/28 MP: 3/3
   805 | D:1      | Found a faded altar of an unknown god.
   966 | D:2      | Reached skill level 1 in Unarmed Combat
  1042 | D:2      | Gained mutation: You are frail. (-10% HP) [potion of
                  | mutation]
  1042 | D:2      | Gained mutation: You have supernaturally acute eyesight.
                  | (SInv) [potion of mutation]
  1502 | D:3      | Reached XP level 4. HP: 27/31 MP: 4/4
  2306 | D:3      | HP: 1/31 [gnoll/+0 flail of holy wrath (2)]
  2306 | D:3      | Slain by a gnoll

Illustrated notes

Levels and vault maps discovered:
D:1:      dpeg_arrival_rooms_b, layout_basic, dilly_ecumenical_altar_fadedgnrine
D:2:      layout_rooms, serial_shops, shop
D:3:      layout_basic, dreamdust_wishing_well
D:4:      layout_cave_pools, minmay_temple_entry_slanted, serial_shops,
          nicolae_shop_bloodbath_and_beyond, nicolae_zen_rock_garden,
          chequers_big_river, minmay_cupped, uniq_crazy_yiuf_cottage

Skill      XL: |  1  2  3 |
---------------+----------+-----
Throwing       | 2 |  2.0
Dodging        | 3 |  3.4
Unarmed Combat | 1 |  1.6
Fighting       | 3 |  3.2
Long Blades    | |  2.8

Action                     |  1- 3 |  4- 6 || total
---------------------------+-------+-------++-------
  Melee: Long sword        |   141 |    47 ||   188
         Punch             |     3 |     1 ||     4
    Use: Potion            |     2 |       ||     2
   Stab: Sleeping          |     4 |       ||     4
 Armour: Leather armour    |    88 |    39 ||   127
  Dodge: Dodged            |   140 |    49 ||   189

Table legend: (Time is in decaauts)
 A = Elapsed time spent in this place.
 B = Non-inter-level travel time spent in this place.
 C = Inter-level travel time spent in this place.
 D = Time resting spent in this place.
 E = Time spent auto-exploring this place.
 F = Levels seen in this place.
 G = Mean time per level.
                   A        B        C        D        E       F      G
               +--------+--------+--------+--------+--------+-----+--------+
         Total |   2355 |   2277 |     78 |    175 |   1603 |   4 |  588.8 |
       Dungeon |   2355 |   2277 |     78 |    175 |   1603 |   4 |  588.8 |
               +--------+--------+--------+--------+--------+-----+--------+

Top non-repeatable levels by time:
     D:1: 944 daAuts
     D:3: 897 daAuts
     D:2: 505 daAuts
     D:4: 8 daAuts
